 Dungeon Crawl Stone Soup version 0.23-a0-143-g1adec7bb76 (webtiles) character file.

102 Blackbelt the Cudgeler (level 4, -2/38 HPs)
             Began as a Demigod Skald on Sept 2, 2018.
             Killed by nerve-wracking pain
             ... invoked by an orc priest
              (11 damage)
             ... on level 3 of the Dungeon.
             The game lasted 00:07:37 (2802 turns).

Blackbelt the Cudgeler (Demigod Skald)              Turns: 2802, Time: 00:07:38

Health: -2/38      AC:  5    Str: 16    XL:     4   Next: 26%
Magic:  3/9        EV: 12    Int: 20    God:
Gold:   103        SH:  0    Dex: 15    Spells: 2/6 levels left

rFire    . . .     SeeInvis +   a - +0 mace
rCold    . . .     Gourm    .   (no shield)
rNeg     . . .     Faith    +   b - +0 leather armour
rPois    .         Spirit   .   k - +1 helmet {SInv}
rElec    .         Reflect  .   (no cloak)
rCorr    .         Harm     .   (no gloves)
MR       .....                  (no boots)
Stlth    +.........             h - amulet of faith
HPRegen  0.12/turn              j - +3 ring of intelligence
MPRegen  0.11/turn              (no ring)

@: very slightly contaminated, drained
A: high mp 1
a: no special abilities


You were on level 3 of the Dungeon.
You were not hungry.

You visited 1 branch of the dungeon, and saw 3 of its levels.

You collected 103 gold pieces.

Inventory:

Hand Weapons
 a - a +0 mace (weapon)
Armour
 b - a +0 leather armour (worn)
 k - a +1 helmet of see invisible (worn)
 n - a +0 robe of magic resistance
Jewellery
 h - an amulet of faith (around neck)
 j - a +3 ring of intelligence (left hand)
Scrolls
 f - 2 scrolls of teleportation {unknown}
 g - 4 scrolls of identify {unknown}
 l - 2 scrolls of remove curse {unknown}
 m - a scroll of amnesia {unknown}
Potions
 c - a potion of ambrosia {unknown}
 e - a potion of curing {unknown}
 i - 2 potions of haste {unknown}
 o - a potion of might {unknown}
Comestibles
 d - 5 rations
 p - 2 chunks of flesh


   Skills:
 + Level 3.1(2.8) Fighting
 + Level 3.4(3.2) Maces & Flails
 - Level 0.8(0.6) Armour
 - Level 1.7(1.5) Dodging
 - Level 1.7(1.5) Spellcasting
 + Level 2.7(2.5) Charms


You had 2 spell levels left.
You knew the following spells:

 Your Spells              Type           Power        Failure   Level  Hunger
a - Infusion              Chrm           ##..         8%          1    #......
b - Spectral Weapon       Hex/Chrm       #.......     36%         3    ###....

Your spell library contained the following spells:

 Spells                   Type           Power        Failure   Level  Hunger
 Song of Slaying          Chrm           ##......     11%         2    ###....
 Shroud of Golubria       Chrm/Tloc      #.........   19%         2    ###....
 Regeneration             Chrm/Necr      #.........   36%         3    ###....


Dungeon Overview and Level Annotations

Branches:
Dungeon (3/15)


Innate Abilities, Weirdness & Mutations

You have an increased reservoir of magic. (+10% MP)


Message History

Confirm with . or Enter, or press ? or * to list all spells.
You draw out your weapon's spirit!
The orc priest closely misses your spectral weapon.
You swap places.
The orc priest hits you with a hand axe.
You hit the orc priest.
The orc priest is moderately wounded.
The orc priest hits you with a hand axe.
You hit the orc priest.
The orc priest is heavily wounded.
The orc priest hits you with a hand axe!
You hit the orc priest.
The orc priest is almost dead.
The orc hits you with a mace of draining.
* * * LOW HITPOINT WARNING * * *
You feel drained.
* * * LOW HITPOINT WARNING * * *
The orc priest mumbles some strange prayers to Beogh against you.
Pain shoots through your body!
You die...

#.#
#.l.g..gK<)).#..#######
#.# #########.##.#..# #
#.# ........##.#..# #
#g#
######.).....o#######
#.# #.#
#........o...... #.#
#.# ################
#.# ##.######## # #.#
#......oo(# # #.#
#..######@# ... ..#
#..# #o# ###
########b.######.## #
.........<........# .
###########.......# #
#### ##.####.# # ...# #
# #.# ##.# #.# ##.# #.#


You could see an orc priest, 2 orcs and a friendly spectral mace.

Vanquished Creatures
  2 gnolls (D:3)
  2 adders (D:2)
  An ooze (D:1)
  A worm (D:2)
  A leopard gecko (D:1)
  4 orcs
  A giant cockroach (D:2)
  6 goblins
  6 hobgoblins
  4 jackals (D:1)
  11 bats
  3 frilled lizards
  6 kobolds (D:1)
  5 rats
53 creatures vanquished.

Vanquished Creatures (others)
  A spectral weapon (D:3)
1 creature vanquished.

Grand Total: 54 creatures vanquished

Notes
Turn   | Place    | Note
-------+----------+-------------------------------------------
     0 | D:1      | Blackbelt the Demigod Skald began the quest for the Orb.
     0 | D:1      | Reached XP level 1. HP: 17/17 MP: 5/5
   552 | D:1      | Reached XP level 2. HP: 15/24 MP: 1/7
   991 | D:1      | Reached XP level 3. HP: 20/30 MP: 8/8
  1977 | D:2      | Learned a level 3 spell: Spectral Weapon
  2410 | D:3      | Reached XP level 4. HP: 13/38 MP: 5/9
  2802 | D:3      | Killed from afar by an orc priest

Vault maps used:
D:1:      eino_arrival_tree_alley, minmay_tall_x
D:2:      first_ration
D:3:      eino_tiny_chamber, mrwooster_statue_mirror

Skill      XL: |  1  2  3 |
---------------+----------+-----
Fighting       | 2 3 |  3.1
Maces & Flails | 2 3 |  3.4
Armour         | |  0.8
Dodging        | |  1.7
Spellcasting   | |  1.7
Charms         | |  2.7

Action                   |  1- 3 |  4- 6 || total
-------------------------+-------+-------++-------
Melee: Mace              |   169 |    13 ||   182
 Cast: Infusion          |     5 |       ||     5
       Spectral Weapon   |     4 |     1 ||     5
  Eat: Chunk             |     5 |     2 ||     7
Armor: Leather armour    |    70 |     2 ||    72
       Robe              |     6 |       ||     6
Dodge: Dodged            |   148 |     6 ||   154

Table legend:
 A = Non-vault XP
 B = Vault XP
 C = Vault XP percentage of total XP
 D = Non-vault monster count
 E = Vault monster count
 F = Vault count percentage of total count
                 A         B        C        D         E       F
            +---------+---------+-------+---------+---------+-------
      Total |     142 |       5 |   3.4 |      49 |       4 |   7.5
            +---------+---------+-------+---------+---------+-------
        D:1 |      51 |       5 |   8.9 |      28 |       4 |  12.5
        D:2 |      49 |       0 |   0.0 |      13 |       0 |   0.0
        D:3 |      42 |       0 |   0.0 |       8 |       0 |   0.0
            +---------+---------+-------+---------+---------+-------
